 Dungeon Crawl Stone Soup version 0.31-a0-949-g57150269e1 (webtiles) character file.

Game seed: 7817057090051718122

382 CowFu the Changeling (level 6, -4/47 HPs)
             Began as a Draconian Shapeshifter on Oct 22, 2023.
             Killed from afar by Dowan (15 damage)
             ... with a stone arrow
             ... on level 5 of the Dungeon.
             The game lasted 00:03:22 (3250 turns).

CowFu the Changeling (Draconian Shapeshifter)       Turns: 3250, Time: 00:03:22

Health: -4/47      AC:  6    Str: 19    XL:     6   Next: 47%
Magic:  6/6        EV: 17    Int: 10    God:
Gold:   179        SH:  0    Dex: 10    Spells: 5/5 levels left

rFire   . . .        d - +0 quarterstaff
rCold   . . .        (shield currently unavailable)
rNeg    . . .        (body armour unavailable)
rPois   .            (helmet currently unavailable)
rElec   .            (cloak currently unavailable)
rCorr   .            (gloves currently unavailable)
SInv    .            (boots currently unavailable)
Will    .....        (no amulet)
Stlth   +            i - +5 ring of evasion
HPRegen 0.27/turn    (no ring)
MPRegen 0.10/turn

%: no passive effects
@: beast-form
A: beast (slay +3), AC +6, unfitting armour, cold-blooded
a: Begin Untransformation


You were on level 5 of the Dungeon.
You were a hulking beast.
You visited 1 branch of the dungeon, and saw 5 of its levels.

You collected 179 gold pieces.

Inventory:

Hand Weapons
 d - a +0 quarterstaff (weapon)
Armour
 m - a +0 cloak
 n - a +1 pair of boots
Jewellery
 i - a +5 ring of evasion (left hand)
Talismans
 b - a beast talisman (active)
 c - a flux talisman
Scrolls
 h - 4 scrolls of teleportation
 l - 2 scrolls of revelation {unknown}
 o - a scroll of immolation {unknown}
 p - 2 scrolls of fog {unknown}
 q - a scroll of enchant weapon {unknown}
Potions
 a - a potion of lignification
 f - 2 potions of curing
 j - 3 potions of heal wounds {unknown}
 k - a potion of resistance {unknown}


   Skills:
 - Level 1.1 Fighting
 - Level 1.7 Dodging
 - Level 3.0 Unarmed Combat
 + Level 6.9 Shapeshifting


You had 5 spell levels left.
You didn't know any spells.
Your spell library contained the following spells:

 Spells                   Type           Power      Damage    Failure   Level
 Cigotuvi's Dreadful Rot  Necr/Pois/Air  0%         N/A       50%         2
 Poisonous Vapours        Pois/Air       0%         N/A       50%         2
 Ignite Poison            Fire/Tmut/Pois 0%         N/A       75%         3
 Mephitic Cloud           Conj/Pois/Air  0%         N/A       75%         3
 Freezing Cloud           Conj/Ice/Air   0%         6-21      100%        5


Dungeon Overview and Level Annotations

Branches:
Dungeon (5/15)
 Temple: D:4-7

Altars:
Elyvilon
Gozag
Makhleb
Okawaru
Sif Muna
Vehumet
Wu Jian
Xom

Shops:
D:1 !

Annotations:
D:3 3 runed translucent doors, pokeman's ghost, amateur DEHW
D:5 Dowan


Innate Abilities, Weirdness & Mutations

You are a hulking beast.
Your limbs bulge with bestial killing power. (Slay +3)
Your plain brown scales are hard. (AC +6)
You cannot fit into any form of body armour.
You are cold-blooded and may be slowed by cold attacks.


Message History

You hit Duvessa.
Duvessa is severely wounded.
Duvessa misses you. Duvessa hits you with a +0 short sword!
Dowan gestures wildly while chanting.
Dowan blinks!
You sock Duvessa!
Duvessa is almost dead.
Duvessa closely misses you. Dowan hits you but does no damage.
Duvessa closely misses you.
You hit Duvessa but do no damage.
Duvessa is almost dead.
Duvessa hits you with a +0 short sword.
* * * LOW HITPOINT WARNING * * *
Dowan hits you with a +0 dagger.
* * * LOW HITPOINT WARNING * * *
Duvessa hits you with a +0 short sword.
* * * LOW HITPOINT WARNING * * *
You sock Duvessa!
You kill Duvessa!
Dowan screams, "No!
Oh no!"
Dowan seems to find hidden reserves of power!
Dowan mumbles some strange words.
Dowan blinks!
Dowan mumbles some strange words.
Dowan blinks!
Dowan says, "Magic will overcome all!"
You closely miss Dowan. Dowan misses you. Dowan hits you but does no damage.
You sock Dowan!
Dowan is moderately wounded.
Dowan hits you with a +0 dagger.
* * * LOW HITPOINT WARNING * * *
Dowan hits you with a +0 dagger.
* * * LOW HITPOINT WARNING * * *
You feel better. Dowan completely misses you.
Dowan hits you but does no damage.
You sock Dowan!
Dowan is almost dead.
Dowan casts a spell at you. The stone arrow hits you!
You die...

#..##.#...#.##
########..#####'####
..........#.##...#
########..#.###.##
#..#...#.#
#..####..# #..# #.##
#..####.# #.h..)..#
#e###########.####
#.# #..e.e..ยง..
#)######.####.####
#.....ee#..e....#
#.######.####<#.#
#.# #.# #.######.#
#........#


You could see Dowan (fast).

Vanquished Creatures
  Sigmund (D:4)
  Duvessa (D:5)
  A jelly (D:4)
  4 adders
  A worm (D:3)
  2 dart slugs
  2 orcs
  9 ball pythons
  4 endoplasms
  A giant cockroach (D:4)
  3 goblins
  8 hobgoblins
  2 jackals (D:3)
  5 kobolds
  4 quokkas
  3 bats (D:1)
  A frilled lizard (D:2)
52 creatures vanquished.

Notes
Turn   | Place    | Note
-------+----------+-------------------------------------------
     0 | D:1      | CowFu the Draconian Shapeshifter began the quest for the
                  | Orb.
     0 | D:1      | Reached XP level 1. HP: 16/16 MP: 1/1
   137 | D:1      | Reached XP level 2. HP: 18/23 MP: 2/2
   397 | D:1      | Found Vucvotel's Distillery.
   869 | D:2      | Reached skill level 4 in Shapeshifting
   879 | D:2      | Reached XP level 3. HP: 7/28 MP: 3/3
  1109 | D:2      | You fall into a shaft and drop 1 floor!
  1139 | D:3      | Found a runed translucent gate.
  1140 | D:3      | Found a runed translucent gate.
  1140 | D:3      | Noticed pokeman's ghost (amateur DEHW)
  1141 | D:3      | Found a runed translucent gate.
  1142 | D:3      | Identified the +5 ring mail "Xaqucli" {rPois}
  1215 | D:3      | Found a radiant altar of Vehumet.
  1725 | D:3      | Found an ornate altar of the Wu Jian Council.
  1760 | D:3      | Reached XP level 4. HP: 31/35 MP: 4/4
  2403 | D:4      | Found a white marble altar of Elyvilon.
  2572 | D:4      | Reached skill level 5 in Shapeshifting
  2692 | D:4      | Noticed Sigmund
  2703 | D:4      | Killed Sigmund
  2704 | D:4      | Reached skill level 6 in Shapeshifting
  2704 | D:4      | Reached XP level 5. HP: 21/40 MP: 5/5
  2704 | D:4      | Reached XP level 6. HP: 25/47 MP: 6/6
  2849 | D:4      | Found an opulent altar of Gozag.
  3018 | D:5      | Entered Level 5 of the Dungeon
  3069 | D:5      | Found an iron altar of Okawaru.
  3172 | D:5      | Found a shimmering altar of Xom.
  3175 | D:5      | Found a burning altar of Makhleb.
  3180 | D:5      | Found a shimmering blue altar of Sif Muna.
  3221 | D:5      | Noticed Duvessa
  3222 | D:5      | Noticed Dowan
  3244 | D:5      | Killed Duvessa
  3250 | D:5      | Killed from afar by Dowan

Illustrated notes

Levels and vault maps discovered:
D:1:      dpeg_arrival_morbid_curiosity, layout_loops_ring, serial_shops,
          nicolae_shop_tiny_glass
D:2:      layout_rooms, minmay_misc_feat_five
D:3:      layout_loops_ring, marbit_many_paths, mainiacjoe_overflow_boulevard,
          biasface_ghost_orc_armoury, minmay_liquid_box
D:4:      layout_loops_ring, grunt_gozag_statues, elyvilon_altar_1, uniq_sigmund
D:5:      layout_loops_ring, mainiacjoe_overflow_cross_hatched,
          grunt_temple_overflow_diamond, uniq_duvessa

Skill      XL: |  1  2  3  4 |
---------------+-------------+-----
Shapeshifting  | 4 6 |  6.9
Fighting       | |  1.1
Dodging        | |  1.7
Unarmed Combat | |  3.0

Action                     |  1- 3 |  4- 6 || total
---------------------------+-------+-------++-------
  Melee: Unarmed           |    16 |       ||    16
         Quarterstaff      |    75 |    45 ||   120
         Tailslap          |     9 |     6 ||    15
    Use: Scroll            |       |     3 ||     3
         Potion            |       |     1 ||     1
   Stab: Sleeping          |     1 |       ||     1
 Armour: Skin              |    47 |    26 ||    73
  Dodge: Dodged            |    72 |    29 ||   101

Table legend: (Time is in decaauts)
 A = Elapsed time spent in this place.
 B = Non-inter-level travel time spent in this place.
 C = Inter-level travel time spent in this place.
 D = Time resting spent in this place.
 E = Time spent auto-exploring this place.
 F = Levels seen in this place.
 G = Mean time per level.
                   A        B        C        D        E       F      G
               +--------+--------+--------+--------+--------+-----+--------+
         Total |   3285 |   3122 |    163 |      0 |   2677 |   5 |  657.0 |
       Dungeon |   3285 |   3122 |    163 |      0 |   2677 |   5 |  657.0 |
               +--------+--------+--------+--------+--------+-----+--------+

Top non-repeatable levels by time:
     D:1: 869 daAuts
     D:3: 827 daAuts
     D:4: 741 daAuts
     D:2: 631 daAuts
     D:5: 215 daAuts
